 Dungeon Crawl Stone Soup version 0.29-a0-506-ga2e7fffb44 (webtiles) character file.

Game seed: 2768585012105218613

77 kyalle the Skirmisher (level 4, -2/41 HPs)
             Began as a Minotaur Fighter on May 28, 2022.
             Slain by a ball python (3 damage)
             ... on level 3 of the Dungeon.
             The game lasted 00:05:50 (1620 turns).

kyalle the Skirmisher (Minotaur Fighter)            Turns: 1620, Time: 00:05:51

Health: -2/41      AC:  7    Str: 23    XL:     4   Next: 13%
Magic:  3/3        EV:  6    Int:  5    God:
Gold:   23         SH:  4    Dex:  9    Spells: 3/3 levels left

rFire   . . .      SeeInvis .   e - +0 whip (venom)
rCold   . . .      Faith    .   c - +0 buckler
rNeg    . . .      Spirit   .   b - +0 scale mail
rPois   .          Reflect  .   (helmet restricted)
rElec   .          Harm     .   (no cloak)
rCorr   .          Rampage  .   (no gloves)
Will    .....                   (no boots)
Stlth   ..........              (no amulet)
HPRegen 0.13/turn               (no ring)
MPRegen 0.08/turn               (no ring)

@: mighty, constricted
A: horns 2, retaliatory headbutt
a: no special abilities


You were on level 3 of the Dungeon.
You visited 1 branch of the dungeon, and saw 3 of its levels.

You collected 63 gold pieces.
You spent 40 gold pieces at shops.

Inventory:

Hand Weapons
 a - a +0 long sword
 e - a +0 whip of venom (weapon)
Armour
 b - a +0 scale mail (worn)
 c - a +0 buckler (worn)
Scrolls
 h - a scroll of enchant weapon {unknown}
 i - a scroll of magic mapping {unknown}
 j - a scroll of acquirement {unknown}
 k - a scroll of identify
Potions
 f - 3 potions of curing
 g - 2 potions of mutation {unknown}


   Skills:
 * Level 4.6 Fighting
 - Level 2.8 Long Blades
 * Level 1.6 Maces & Flails
 + Level 4.1 Armour
 + Level 4.1 Shields


You had 3 spell levels left.
You didn't know any spells.
Your spell library was empty.

Dungeon Overview and Level Annotations

Branches:
Dungeon (3/15)

Altars:

Shops:
D:2 ![?

Annotations:
D:3 Sigmund


Innate Abilities, Weirdness & Mutations

You have a pair of horns on your head.
You reflexively headbutt those who attack you in melee.


Message History

Sigmund casts a spell.
Sigmund flickers and vanishes!
Deactivating autopickup; reactivate with Ctrl-A.
You closely miss something. Your headbutt misses something.
The ball python closely misses you. The ball python grabs you.
The ball python constricts you. Something hits you but does no damage.
The rat bites you.
You hit something. The ball python barely misses you.
The ball python constricts you. The rat bites you but does no damage.
You barely miss the rat. The ball python barely misses you.
The ball python constricts you.
You hear some strange, mumbled words.
You are confused.
The rat bites you but does no damage.
The ball python's grasp on you weakens, but your attempt to escape fails.
The ball python bites you. The ball python constricts you. Something hits you!
The rat bites you. The ball python bites you. The ball python constricts you.
You're too confused to move!
The rat bites you but does no damage. Something hits you!
The ball python bites you. The ball python constricts you.
You completely miss something. Your headbutt misses something.
The ball python bites you but does no damage.
The ball python constricts you. The rat bites you but does no damage.
Something hits you but does no damage.
You feel very mighty all of a sudden.
The ball python bites you but does no damage.
The ball python constricts you. The rat bites you.
You closely miss something. Your headbutt misses something.
The ball python barely misses you. The ball python constricts you.
You hear some strange, mumbled words.
A puff of flame appears from out of thin air!
The puff of flame hits you!
* * * LOW HITPOINT WARNING * * *
The rat barely misses you. The ball python closely misses you.
The ball python constricts you.
You barely miss the ball python.
You feel less confused. Something hits you.
* * * LOW HITPOINT WARNING * * *
The rat bites you but does no damage. The ball python bites you.
You die...

#......####...##
#.........+....#
###.......###....#
..........# ..#.#
###......## #.#.######.
.........# #.#?.......
..###+#..... #.#........
....#.#..#####.#{.......
.....<.........r@.[....#
.#######........S.......
..........#.#>#$#.#.....
........................
#######...#.#.#.#.#.....
#............####.
#...#.#.#.#.##
#............#
#...#.#.#.#.##


You could see a ball python and a rat.

Vanquished Creatures
  2 adders (D:2)
  A worm (D:2)
  2 dart slugs (D:1)
  6 ball pythons
  7 endoplasms
  A giant cockroach (D:1)
  8 hobgoblins
  5 kobolds
  2 quokkas
  4 bats
  2 frilled lizards
  4 goblins
  4 rats
48 creatures vanquished.

Notes
Turn   | Place    | Note
-------+----------+-------------------------------------------
     0 | D:1      | kyalle the Minotaur Fighter began the quest for the Orb.
     0 | D:1      | Reached XP level 1. HP: 19/19 MP: 0/0
   216 | D:1      | Reached XP level 2. HP: 17/27 MP: 1/1
   510 | D:1      | Found a faded altar of an unknown god.
   792 | D:1      | Reached XP level 3. HP: 30/33 MP: 2/2
  1086 | D:2      | Found Bavo's Armour Shop.
  1133 | D:2      | Reached skill level 1 in Maces & Flails
  1144 | D:2      | Found Vanonoba's Distillery.
  1209 | D:2      | Found Agrik's Magic Scroll Shop.
  1220 | D:2      | Bought a scroll of identify for 20 gold pieces
  1220 | D:2      | Bought a scroll of identify for 20 gold pieces
  1360 | D:2      | Reached XP level 4. HP: 41/41 MP: 3/3
  1609 | D:3      | Noticed Sigmund
  1620 | D:3      | HP: 1/41 [something (4)]
  1620 | D:3      | Slain by a ball python

Illustrated notes

Levels and vault maps discovered:
D:1:      amcnicky_arrival_underground_garden, layout_rooms,
          shapermc_ecumenical_altar_venn, minmay_pentomino_t4
D:2:      layout_rooms, serial_shops, shop, nicolae_diamond_shop,
          nicolae_shop_crystal
D:3:      layout_basic, lemuel_round_altar, st_stairs_9, uniq_sigmund,
          uniq_natasha

Skill      XL: |  1  2  3 |
---------------+----------+-----
Fighting       | 4 |  4.6
Armour         | 4 |  4.1
Shields        | 4 |  4.1
Maces & Flails | 1 |  1.6
Long Blades    | |  2.8

Action                   |  1- 3 |  4- 6 || total
-------------------------+-------+-------++-------
Melee: Long sword        |    17 |       ||    17
       Headbutt          |    15 |     1 ||    16
       Whip              |    72 |    21 ||    93
  Use: Scroll            |     1 |       ||     1
       Potion            |       |     1 ||     1
Armor: Scale mail        |    36 |    12 ||    48
Dodge: Dodged            |    53 |    15 ||    68
Block: Buckler           |    19 |     6 ||    25

Table legend: (Time is in decaauts)
 A = Elapsed time spent in this place.
 B = Non-inter-level travel time spent in this place.
 C = Inter-level travel time spent in this place.
 D = Time resting spent in this place.
 E = Time spent auto-exploring this place.
 F = Levels seen in this place.
 G = Mean time per level.
                   A        B        C        D        E       F      G
               +--------+--------+--------+--------+--------+-----+--------+
         Total |   1634 |   1588 |     46 |      0 |   1218 |   3 |  544.7 |
       Dungeon |   1634 |   1588 |     46 |      0 |   1218 |   3 |  544.7 |
               +--------+--------+--------+--------+--------+-----+--------+

Top non-repeatable levels by time:
     D:1: 1054 daAuts
     D:2: 525 daAuts
     D:3: 55 daAuts
